 Dungeon Crawl Stone Soup version 0.28-a0-691-gad6df49e81 (webtiles) character file.

Game seed: 979587409430576022

25949 spiderkeys the Corrupter of Planes (level 13, -1/71 HPs)
             Began as a Vine Stalker Abyssal Knight on Oct 21, 2021.
             Was the Champion of Lugonu.
             Slain by a minotaur (25 damage)
             ... in a Gauntlet.
             The game lasted 00:17:23 (9778 turns).

spiderkeys the Corrupter of Planes (VSAK)           Turns: 9778, Time: 00:17:23

Health: -1/71      AC: 13    Str: 17    XL:     13   Next: 22%
Magic:  0/21       EV: 17    Int: 12    God:    Lugonu [******]
Gold:   795        SH:  0    Dex: 19    Spells: 9/12 levels left

rFire   + . .      SeeInvis .   d - +2 whip (elec)
rCold   . . .      Faith    .   (no shield)
rNeg    . . .      Spirit   +   z - +0 troll leather armour
rPois   +          Reflect  .   w - +2 helmet
rElec   .          Harm     .   e - +2 cloak
rCorr   +          Rampage  .   p - +0 pair of gloves
Will    ++...      NoTele   +   r - +1 pair of boots
Stlth   +.........              g - amulet of regeneration
HPRegen 3.21/turn               Y - +4 ring of slaying
MPRegen 0.17/turn               f - ring of Isiskof {rPois rF+ Will+ rCorr}

@: confusing by touch
A: fangs 3, regeneration 1, magic shield, antimagic bite, no potion heal 2,
talons 1, clever 1, wild magic 1, MP-powered wands
a: Renounce Religion, Depart the Abyss, Bend Space, Banish, Corrupt, Enter the
Abyss, Brand Weapon With Distortion


You were in a Gauntlet.
You worshipped Lugonu.
Lugonu was exalted by your worship.
You visited 2 branches of the dungeon, and saw 11 of its levels.
You visited the Abyss 1 time.
You also visited: Gauntlet.

You collected 795 gold pieces.


Innate Abilities, Weirdness & Mutations

You have razor-sharp teeth.
Your natural rate of healing is unusually fast.
When hurt, damage is shared between your health and your magic reserves.
Your bite disrupts and absorbs the magic of your enemies.
Potions cannot restore your health.
You have sharp toenails.
Your mind is acute. (Int +2)
Your spells are a little harder to cast, but a little more powerful.
You expend magic power (3 MP) to strengthen your wands.


   Skills:
 + Level 9.7 Fighting
 + Level 9.4 Short Blades
 - Level 2.5 Armour
 + Level 8.4 Dodging
 + Level 9.5 Hexes
 + Level 10.2 Invocations


You had 9 spell levels left.
You knew the following spells:

 Your Spells              Type           Power      Damage    Failure   Level
c - Confusing Touch       Hex            29%        N/A       4%          3

Your spell library contained the following spells:

 Spells                   Type           Power      Damage    Failure   Level
 Slow                     Hex            29%        N/A       2%          2
 Portal Projectile        Hex/Tloc       28%        N/A       24%         3
 Magic Dart               Conj           0%         1d3       45%         1
 Sandblast                Erth           0%         2d4       45%         1
 Call Imp                 Summ           0%         N/A       61%         2
 Conjure Flame            Conj/Fire      0%         6-21      82%         3
 Ignite Poison            Fire/Tmut/Pois 0%         N/A       82%         3
 Mephitic Cloud           Conj/Pois/Air  0%         N/A       82%         3
 Spider Form              Tmut/Pois      0%         N/A       82%         3
 Vampiric Draining        Necr           0%         2d6       82%         3
 Sticky Flame             Conj/Fire      0%         2d3       99%         4
 Blade Hands              Tmut           0%         N/A       100%        5
 Excruciating Wounds      Necr           0%         N/A       100%        5

Inventory:

Hand Weapons
 a - a +1 short sword
 d - a +2 whip of electrocution (weapon)
   (You found it on level 1 of the Abyss)
 D - a +5 whip
   (You took it off a kobold on level 9 of the Dungeon)
Missiles
 i - 304 arrows
 j - 116 bolts
 k - 31 poisoned darts
 m - 100 sling bullets
 s - 8 boomerangs
 G - 233 stones (quivered)
 M - 5 curare-tipped darts {=f}
Armour
 e - a +2 cloak (worn)
   (You found it on level 1 of the Abyss)
 p - a +0 pair of gloves (worn)
   (You found it on level 6 of the Dungeon)
 r - a +1 pair of boots (worn)
   (You found it on level 6 of the Dungeon)
 u - +0 steam dragon scales
   (You found it on level 7 of the Dungeon)
 w - a +2 helmet (worn)
   (You found it on level 8 of the Dungeon)
 z - a +0 troll leather armour (worn)
   (You found it on level 9 of the Dungeon)
 Q - a +2 hat of see invisible
   (You found it in a Gauntlet)
Magical Staves
 U - a staff of earth {!a}
   (You found it in a Gauntlet)
Jewellery
 c - a ring of protection from cold
   (You found it on level 9 of the Dungeon)
 f - the ring of Isiskof (right hand) {rPois rF+ Will+ rCorr}
   (You acquired it on level 8 of the Dungeon)

   [ring of resist corrosion]

   rF:        It protects you from fire.
   rPois:     It protects you from poison.
   rCorr:     It protects you from acid and corrosion.
   Will:      It increases your willpower.
 g - an amulet of regeneration (around neck)
   (You found it on level 1 of the Dungeon)
 C - a ring of protection from cold
   (You took it off an orc warrior on level 9 of the Dungeon)
 F - the ring of Arittova {Fire Dex+4}
   (You found it on level 2 of the Lair of Beasts)

   [ring of fire]

   It enhances your fire magic.
   Dex:       It affects your dexterity (+4).
   rF:        It protects you from fire.
   rC:        It makes you vulnerable to cold.
 I - a +6 ring of intelligence
   (You found it in a Gauntlet)
 J - a ring of willpower
   (You found it on level 2 of the Lair of Beasts)
 L - a ring of flight
   (You took it off a goblin on level 3 of the Dungeon)
 N - a ring of positive energy
   (You found it on level 9 of the Dungeon)
 R - a ring of ice
   (You found it in a Gauntlet)
 S - a +6 ring of strength
   (You found it on level 8 of the Dungeon)
 Y - a +4 ring of slaying (left hand)
   (You found it on level 3 of the Dungeon)
Wands
 q - a wand of flame (26)
   (You found it on level 3 of the Dungeon)
 t - a wand of iceblast (21)
   (You found it on level 6 of the Dungeon)
 v - a wand of polymorph (11)
   (You found it on level 8 of the Dungeon)
 K - a wand of acid (3)
   (You found it on level 2 of the Lair of Beasts)
Scrolls
 h - 3 scrolls of fear
 l - a scroll of holy word
 n - a scroll of brand weapon
 x - 2 scrolls of teleportation {@r4}
 y - a scroll of enchant weapon
 A - a scroll of fog
 E - 2 scrolls of noise {!r}
Potions
 b - 4 potions of mutation {!q}
 o - a potion of attraction {!q}
 B - a potion of resistance
 H - 2 potions of curing {@q1}
 O - a potion of heal wounds {unknown}
 P - a potion of cancellation {unknown}
 T - 3 potions of degeneration {unknown}
 V - a potion of flight

Dungeon Overview and Level Annotations

Branches:
Dungeon (9/15)               Lair (3/6) D:9          Spider (0/4) Lair:2
    Orc (0/2) D:9         Gauntlet (1/1)
 Temple: D:4-7        Swamp: Lair:2-4    Shoals: Lair:2-4

Altars:
Cheibriados
Fedhas
Nemelex Xobeh
Okawaru
Qazlal
Sif Muna
Trog
Yredelemnul

Annotations:
Abyss:1 Urug Gauntlet 10 transporters, 14 runed translucent doors

8#
#≈...............≈#
#8 ##
#8.8.8.8.8.8.8.8.8#
##
#≈...............≈#
#####.###.###.#####
###.###.###.#
#............
#.###.###.###.#
#.............#
#######@####### #H#
∩.. ...⌠+ '⌠...#
##..⌠.# ###+##


You could see a minotaur.


Message History

There is a large open translucent door, spattered with blood here. 😮 HP[+3]
You regained 3 hp, and now have 47/71 hp.
There is a large open translucent door here. 😮 HP[+4]
You regained 4 hp, and now have 51/71 hp. 😕 HP[+3]
You regained 3 hp, and now have 54/71 hp.
The death yak bellows! x2; You hear a bellow!
You hear a shout! 😕 HP[+3] MP[+1]
You regained 3 hp, and now have 57/71 hp.
The death yak bellows!
T - 3 black potions 😕 HP[+7]
You regained 7 hp, and now have 64/71 hp. 😕 HP[+3]
You regained 3 hp, and now have 67/71 hp. 😕 HP[+3]
You regained 3 hp, and now have 70/71 hp. 😎 HP[+1]
Your hp is fully restored (71).
U - a staff of earth {!a} 😎 MP[+1]
I - a +6 ring of intelligence;
V - a potion of flight 😎 MP[+1]
You open the large door.
There is a transporter here. 😎 MP[+1]
You enter the transporter and appear at another place. 😎 MP[+1] 😎 MP[+1]
You open the door.
A minotaur comes into view. It is wielding a +2 vampiric lajatang.
Found a glowing morningstar.
Found a gate leading back out of this place.
The minotaur bellows!
There is an open door here.
Press: ? - help, v - describe, . - travel
Here: a minotaur, wielding a +2 vampiric lajatang, wearing a +0 chain mail and quivering javelins The floor.
You hit the minotaur but do no damage.
Lightning courses through the minotaur!!
You bite the minotaur! You drain its power.
You feel invigorated. The minotaur misses you.
The minotaur closely misses you. 😎 MP[+1]
You hit the minotaur.
The minotaur hits you with a +2 vampiric lajatang.
The minotaur draws strength from your wounds!
The minotaur barely misses you. 😕 HP[-4] MP[-1]
You take 4 damage, and now have 67/71 hp.
You lost 1 mp, and now have 19/21 mp.
You hit the minotaur but do no damage. You bite the minotaur.
You drain its power.
You feel invigorated.
The minotaur hits you with a +2 vampiric lajatang!!
The minotaur draws strength from your wounds!
The minotaur closely misses you. 😕 HP[-13] MP[-2]
You take 13 damage, and now have 54/71 hp.
You lost 2 mp, and now have 17/21 mp.
You hit the minotaur. Lightning courses through the minotaur!
Your bite misses the minotaur.
The minotaur hits you with a +2 vampiric lajatang!
The minotaur gores you but does no damage.
The minotaur barely misses you.
The minotaur gores you! 😮 HP[-13] MP[-4]
You take 13 damage, and now have 41/71 hp.
You lost 4 mp, and now have 13/21 mp.
You hit the minotaur. The minotaur barely misses you.
The minotaur misses you. 😮 HP[+3] MP[+1]
You regained 3 hp, and now have 44/71 hp.
You hit the minotaur. Lightning courses through the minotaur!
You bite the minotaur, but do no damage.
The minotaur hits you with a +2 vampiric lajatang!!
* * * LOW HITPOINT WARNING * * *
The minotaur draws strength from your wounds!
The minotaur gores you but does no damage. 😨 HP[-19] MP[-7]
You take 19 damage, and now have 25/71 hp.
MASSIVE DAMAGE!! (PAUSE)
You lost 7 mp, and now have 7/21 mp.
You closely miss the minotaur. The minotaur barely misses you.
The minotaur closely misses you. 😨 HP[+3]
You regained 3 hp, and now have 28/71 hp.
Okay, then.
Casting: Confusing Touch (dangerous; 4% risk of failure)
Confirm with . or Enter, or press ? or * to list all spells.
Your hands begin to glow red.
The minotaur hits you with a +2 vampiric lajatang!
* * * LOW HITPOINT WARNING * * *
The minotaur draws strength from your wounds!
The minotaur closely misses you. 😨 HP[-7] MP[-5]
You take 7 damage, and now have 21/71 hp.
You lost 5 mp, and now have 2/21 mp.
You hit the minotaur but do no damage.
You bite the minotaur, but do no damage.
The minotaur hits you with a +2 vampiric lajatang!!
You die...

Skill      XL: |  1  2  3  4  5  6  7  8  9 10 11 12 13 |
---------------+----------------------------------------+-----
Fighting       | 3 4 5 6 7 8 9 |  9.7
Short Blades   | 2 3 4 6 8 9 |  9.4
Armour         | 2 |  2.5
Dodging        | 1 2 3 4 5 6 7 8 |  8.4
Invocations    | 2 3 4 5 6 7 8 9 10 | 10.2
Hexes          | 2 3 5 6 7 9 |  9.5

Action                   |  1- 3 |  4- 6 |  7- 9 | 10-12 | 13-15 || total
-------------------------+-------+-------+-------+-------+-------++-------
Melee: Whip              |     3 |   152 |   227 |   657 |   119 ||  1158
       Bite              |       |    41 |    76 |   257 |    57 ||   431
       Kick              |       |       |    18 |       |       ||    18
Throw: Stone             |       |     9 |       |       |       ||     9
 Cast: Confusing Touch   |       |       |       |       |     1 ||     1
Invok: Banish            |       |       |       |     4 |       ||     4
       Bend Space        |       |       |       |     1 |       ||     1
Evoke: Wand              |       |       |     1 |     3 |       ||     4
  Use: Scroll            |     4 |     3 |     4 |     5 |     2 ||    18
       Potion            |       |     1 |     3 |     1 |       ||     5
 Stab: Sleeping          |       |     4 |     1 |     1 |       ||     6
       Petrified         |       |       |       |     6 |       ||     6
Armor: Leather armour    |     1 |    49 |    48 |       |       ||    98
       Steam dragon scal |       |       |    35 |    65 |       ||   100
       Skin              |       |       |     2 |       |       ||     2
       Troll leather arm |       |       |       |   325 |    58 ||   383
Dodge: Dodged            |     2 |   113 |   187 |   930 |   149 ||  1381

Levels and vault maps discovered:
D:1:      dpeg_arrival_rooms_c, layout_loops_corners
D:2:      layout_loops_ring, dreamdust_ecumenical_altar_statues,
          chequers_serial_rivers_room_b, minmay_goblin_outpost
D:3:      cheibrodos_thug_alley, layout_basic, nicolae_overflow_hidden_temple,
          uniq_jessica
D:4:      layout_layer_cave, zin_angel, kennysheep_mini_moat,
          minmay_temple_entry_fiery, serial_shops, shop, uniq_menkaure
D:6:      layout_loops_ring, kennysheep_generic_room_7
D:7:      layout_loops_ring, mainiacjoe_overflow_brackets,
          mainiacjoe_overflow_alcove_4, nemelex_diamond_rough_becter,
          hangedman_abyss_or_decor_stabs, st_stairs_13
D:8:      layout_basic, item_on_display_a, uniq_maggie
D:9:      minmay_slanted_spiral_squares, layout_stronghold,
          nzn_overflow_gifts_of_might_and_magic, lemuel_tele_altar,
          lair_entry_dummy, david_orc_2, onia_ninara_cookie
Lair:1:   layout_small_grid
Lair:2:   minmay_lair_venomous_thicket, layout_hall_layers,
          nicolae_spider_entry_orb_guardian, uniq_sonja, uniq_urug
Lair:3:   beast_lair_carwin_large_4, layout_layer_cave,
          skrybe_swamp_entry_bodies, gauntlet_entry_generic,
          portal_ice_cave_entry_imps, lemuel_fruit_tree, uniq_rupert
Gauntlet: gammafunk_gauntlet_branching [nicolae_gauntlet_arena_blocks,
          gammafunk_gauntlet_arena_hedges, nicolae_gauntlet_arena_quarters,
          gammafunk_gauntlet_arena_spirals, gammafunk_gauntlet_arena_chambers,
          nicolae_gauntlet_arena_t_cross, gammafunk_gauntlet_arena_mazey,
          minmay_gauntlet_arena_make_your_own_arena, gauntlet_exit_hidden_loot]

Notes
Turn   | Place    | Note
-------+----------+-------------------------------------------
     0 | Abyss:1  | spiderkeys the Vine Stalker Abyssal Knight began the quest
                  | for the Orb.
     0 | Abyss:1  | Reached XP level 1. HP: 11/11 MP: 3/3
     0 | Abyss:1  | magus.rc [v1.9.10]
   334 | Abyss:1  | Noticed a small abomination
   336 | Abyss:1  | Noticed a bone dragon
   337 | Abyss:1  | HP: 1/11 [small abomination (10)]
   341 | Abyss:1  | Killed a small abomination
   342 | Abyss:1  | Reached skill level 3 in Fighting
   342 | Abyss:1  | Reached skill level 2 in Short Blades
   342 | Abyss:1  | Reached skill level 2 in Armour
   342 | Abyss:1  | Reached skill level 1 in Dodging
   342 | Abyss:1  | Reached skill level 2 in Invocations
   342 | Abyss:1  | Reached XP level 2. HP: 1/16 MP: 0/5
   342 | Abyss:1  | Reached XP level 3. HP: 2/20 MP: 0/6
   342 | Abyss:1  | Gained mutation: Your natural rate of healing is unusually
                  | fast. [Vine Stalker growth]
   342 | Abyss:1  | Reached XP level 4. HP: 2/24 MP: 0/7
   342 | Abyss:1  | Reached XP level 5. HP: 3/28 MP: 0/8
   344 | D:1      | You pass through the gate.
   344 | D:1      | Escaped the Abyss
   870 | D:1      | Reached skill level 2 in Dodging
  1178 | D:1      | Reached ** piety under Lugonu
  1356 | D:2      | Found a faded altar of an unknown god.
  1441 | D:2      | You pick up a book of Weapons and begin reading...
  1441 | D:2      | You add the spells Portal Projectile, Excruciating Wounds
                  | and Blade Hands to your library.
  1465 | D:2      | Reached skill level 3 in Invocations
  1583 | D:2      | Reached XP level 6. HP: 32/32 MP: 9/9
  1975 | D:3      | Found an iron altar of Okawaru.
  1978 | D:3      | Found a stormy altar of Qazlal.
  2034 | D:3      | You pick up a book of Debilitation and begin reading...
  2034 | D:3      | You add the spells Slow, Vampiric Draining and Confusing
                  | Touch to your library.
  2048 | D:3      | Reached skill level 3 in Short Blades
  2094 | D:3      | Noticed Jessica
  2096 | D:3      | Learned a level 3 spell: Confusing Touch
  2107 | D:3      | Killed Jessica
  2151 | D:3      | Reached *** piety under Lugonu
  2330 | D:3      | Reached XP level 7. HP: 32/37 MP: 10/10
  2378 | D:3      | Reached skill level 4 in Fighting
  2459 | D:3      | Reached skill level 1 in Hexes
  2493 | D:3      | You pick up a book of Minor Magic and begin reading...
  2493 | D:3      | You add the spells Magic Dart, Call Imp and Mephitic Cloud
                  | to your library.
  2594 | D:4      | Gained mutation: Your spells are a little harder to cast,
                  | but a little more powerful. [potion of mutation]
  2594 | D:4      | Gained mutation: You expend magic power (3 MP) to
                  | strengthen your wands. [potion of mutation]
  2594 | D:4      | Gained mutation: Your mind is acute. (Int +2) [potion of
                  | mutation]
  2594 | D:4      | Gained mutation: You have sharp toenails. [potion of
                  | mutation]
  2651 | D:4      | You fall into a shaft and drop 2 floors!
  2651 | D:6      | Noticed a two-headed ogre
  2668 | D:6      | Killed a two-headed ogre
  2669 | D:6      | Reached skill level 4 in Short Blades
  2669 | D:6      | Reached skill level 3 in Dodging
  2669 | D:6      | Reached skill level 2 in Hexes
  2669 | D:6      | Reached skill level 4 in Invocations
  2669 | D:6      | Gained mutation: You have razor-sharp teeth. [Vine Stalker
                  | growth]
  2669 | D:6      | Reached XP level 8. HP: 42/42 MP: 2/12
  2847 | D:6      | Reached skill level 3 in Hexes
  2952 | D:6      | Reached skill level 5 in Fighting
  2956 | D:6      | Reached **** piety under Lugonu
  2957 | D:6      | Reached skill level 5 in Invocations
  3091 | D:6      | Reached skill level 4 in Dodging
  3187 | D:6      | Reached XP level 9. HP: 46/47 MP: 11/13
  3284 | D:6      | Reached skill level 5 in Short Blades
  3403 | D:6      | Reached skill level 4 in Hexes
  4042 | D:7      | Reached skill level 6 in Invocations
  4051 | D:7      | Reached skill level 6 in Fighting
  4233 | D:7      | Reached skill level 5 in Hexes
  4291 | D:7      | Noticed a hornet
  4295 | D:7      | Paralysed by a hornet for 2 turns
  4299 | D:7      | HP: 11/46 [poisoned by a hornet]
  4302 | D:7      | HP: 1/46 [hornet (7)]
  4304 | D:7      | Killed a hornet
  4305 | D:7      | Reached skill level 5 in Dodging
  4460 | D:7      | Found a snail-covered altar of Cheibriados.
  4470 | D:7      | Found a blossoming altar of Fedhas.
  4495 | D:7      | Found a sparkling altar of Nemelex Xobeh.
  4602 | D:8      | Noticed Maggie
  4622 | D:8      | Killed Maggie
  4623 | D:8      | Reached skill level 6 in Short Blades
  4623 | D:8      | Reached XP level 10. HP: 33/52 MP: 10/15
  5017 | D:8      | Identified a scroll of acquirement
  5018 | D:8      | Acquired the ring of Isiskof {rPois rF+ Will+ rCorr}
  5086 | D:8      | Reached skill level 6 in Hexes
  5086 | D:8      | Reached skill level 7 in Invocations
  5339 | D:8      | Reached ***** piety under Lugonu
  5395 | D:9      | Found a staircase to the Lair.
  5419 | D:9      | Paralysed by a hornet for 1 turns
  5421 | D:9      | Reached skill level 7 in Fighting
  5509 | D:9      | Found a bloodstained altar of Trog.
  5524 | D:9      | Found a shimmering blue altar of Sif Muna.
  5552 | D:9      | You add the spells Sandblast and Spider Form to your
                  | library.
  5552 | D:9      | Got Sif Muna's Compendium of Ashen Venom
  5650 | D:9      | Reached skill level 6 in Dodging
  5696 | D:9      | Reached XP level 11. HP: 58/58 MP: 17/17
  5711 | D:9      | Reached skill level 7 in Short Blades
  5713 | D:9      | Noticed a six-headed hydra
  5714 | D:9      | Noticed a wizard
  5718 | D:9      | Banished a six-headed hydra
  5733 | D:9      | Killed a wizard
  5734 | D:9      | Reached skill level 7 in Hexes
  5914 | D:9      | Found a basalt altar of Yredelemnul.
  6009 | D:9      | Reached skill level 8 in Invocations
  6052 | D:9      | Found a staircase to the Orcish Mines.
  6478 | D:9      | Paralysed by a floating eye for 4 turns
  6490 | D:9      | Paralysed by a floating eye for 2 turns
  6496 | D:9      | Paralysed by a floating eye for 3 turns
  6544 | D:9      | Reached skill level 8 in Fighting
  6857 | Lair:1   | Entered Level 1 of the Lair of Beasts
  6873 | Lair:1   | Noticed a six-headed hydra
  6882 | Lair:1   | Killed a six-headed hydra
  6986 | Lair:1   | Reached skill level 7 in Dodging
  7082 | Lair:1   | Reached skill level 8 in Short Blades
  7330 | Lair:1   | Reached XP level 12. HP: 65/65 MP: 17/19
  7365 | Lair:1   | Reached skill level 8 in Hexes
  7822 | Lair:2   | Noticed Urug
  7822 | Lair:2   | Noticed a four-headed hydra
  7858 | Lair:2   | Identified the ring of Arittova {Fire Dex+4}
  7863 | Lair:2   | Reached skill level 9 in Invocations
  8066 | Lair:2   | Killed a four-headed hydra
  8076 | Lair:2   | Reached skill level 9 in Fighting
  8089 | Lair:2   | Banished Urug
  8233 | Lair:2   | Noticed Sonja
  8237 | Lair:2   | Killed Sonja
  8284 | Lair:2   | Found a hole to the Spider Nest.
  8378 | Lair:2   | Noticed a catoblepas
  8423 | Lair:2   | HP: 15/66 [catoblepas (12)]
  8444 | Lair:2   | Killed a catoblepas
  8445 | Lair:2   | Reached skill level 9 in Short Blades
  8445 | Lair:2   | Reached skill level 8 in Dodging
  8445 | Lair:2   | Reached skill level 9 in Hexes
  8573 | Lair:2   | Reached ****** piety under Lugonu
  8587 | Lair:2   | HP: 15/66 [yak (8)]
  8618 | Lair:2   | Reached XP level 13. HP: 70/70 MP: 21/21
  8906 | Lair:2   | Reached skill level 10 in Invocations
  9046 | Lair:2   | You add the spells Conjure Flame, Ignite Poison and Sticky
                  | Flame to your library.
  9171 | Lair:3   | Found a gate leading to a gauntlet.
  9179 | Gauntlet | Entered a Gauntlet
  9179 | Gauntlet | Found a transporter.
  9179 | Gauntlet | Found a transporter.
  9183 | Gauntlet | Found a transporter.
  9186 | Gauntlet | Found the macabre finger necklace {rN+}
  9199 | Gauntlet | Found a large runed translucent door.
  9200 | Gauntlet | Found a large runed translucent door.
  9202 | Gauntlet | Found a runed translucent gate.
  9203 | Gauntlet | Found a transporter.
  9203 | Gauntlet | Found a transporter.
  9203 | Gauntlet | Found a transporter.
  9204 | Gauntlet | Noticed a great orb of eyes
  9206 | Gauntlet | Found a transporter.
  9216 | Gauntlet | Found a runed translucent gate.
  9216 | Gauntlet | Found a runed translucent gate.
  9218 | Gauntlet | Found a large runed translucent door.
  9219 | Gauntlet | Found a large runed translucent door.
  9232 | Gauntlet | Found a large runed translucent door.
  9232 | Gauntlet | Found a large runed translucent door.
  9233 | Gauntlet | Found a large runed translucent door.
  9233 | Gauntlet | Found a large runed translucent door.
  9239 | Gauntlet | Found a transporter.
  9242 | Gauntlet | Found a large runed translucent door.
  9242 | Gauntlet | Found a large runed translucent door.
  9242 | Gauntlet | Found a runed translucent door.
  9242 | Gauntlet | Found a runed translucent door.
  9243 | Gauntlet | Found a large runed translucent door.
  9244 | Gauntlet | Found a large runed translucent door.
  9246 | Gauntlet | Found a transporter.
  9261 | Gauntlet | Found a transporter.
  9270 | Gauntlet | Found a transporter.
  9294 | Gauntlet | Found a transporter.
  9334 | Gauntlet | Found a transporter.
  9348 | Gauntlet | Found a transporter.
  9363 | Gauntlet | Found a large runed translucent door.
  9364 | Gauntlet | Found a large runed translucent door.
  9365 | Gauntlet | Found a large runed translucent door.
  9366 | Gauntlet | Found a large runed translucent door.
  9448 | Gauntlet | Found a transporter.
  9462 | Gauntlet | Found a transporter.
  9519 | Gauntlet | Noticed a spark wasp
  9717 | Gauntlet | Killed a great orb of eyes
  9768 | Gauntlet | Noticed a minotaur
  9778 | Gauntlet | Slain by a minotaur

Vanquished Creatures
  A great orb of eyes (Gauntlet)
  A catoblepas (Lair:2)
  2 hydras
  A two-headed ogre (D:6)
  Sonja (Lair:2)
  A wizard (D:9)
  An orb spider (Lair:2)
  An ugly thing (Gauntlet)
  A wolf spider (Lair:2)
  A moth of wrath (Gauntlet)
  A black mamba (Lair:1)
  4 elephants (Lair:2)
  A cane toad (Lair:1)
  3 rime drakes
  Maggie (D:8)
  A komodo dragon (Lair:1)
  A troll (D:9)
  A polar bear (Lair:2)
  3 hornets
  9 blink frogs (Lair:2)
  3 slime creatures
  A wraith (D:9)
  A ynoxinul (D:9)
  26 yaks
  2 wyverns (D:9)
  2 basilisks (Lair:2)
  A small abomination (Abyss:1)
  4 vampire mosquitoes (D:8)
  4 steam dragons
  4 water moccasins
  An acid dragon (D:9)
  A floating eye (D:9)
  An ice beast (D:6)
  17 wolves
  7 orc warriors
  4 black bears
  9 centaurs
  2 ogres
  2 phantoms
  3 kobold brigands
  A wyvern zombie (D:4)
  9 bullfrogs
  A water moccasin zombie (D:6)
  7 killer bees
  12 wights
  A howler monkey (D:9)
  6 centaur zombies
  9 orc priests
  5 jellies
  A bullfrog skeleton (D:7)
  A centaur skeleton (D:7)
  Jessica (D:3)
  An iguana (D:6)
  8 orc wizards
  2 howler monkey zombies (D:9)
  5 gnolls
  8 adders
  A howler monkey skeleton (D:7)
  A shadow imp (D:6)
  A worm (D:2)
  4 dart slugs
  24 orcs
  7 bats
  4 endoplasms
  A giant cockroach (D:3)
  12 goblins
  7 hobgoblins
  7 jackals
  5 quokkas
  9 ball pythons
  5 frilled lizards
  27 kobolds
  2 rats
326 creatures vanquished.

Vanquished Creatures (collateral kills)
  3 jackals (D:3)
  A kobold (D:3)
4 creatures vanquished.

Vanquished Creatures (others)
  A bullfrog (D:9)
  An orc wizard (D:9)
  25 demonic plants (Gauntlet)
  5 fungi
  15 plants (Lair:2)
  3 withered plants (Gauntlet)
50 creatures vanquished.

Grand Total: 380 creatures vanquished

Table legend:
 A = Non-vault XP
 B = Vault XP
 C = Vault XP percentage of total XP
 D = Non-vault monster count
 E = Vault monster count
 F = Vault count percentage of total count
                 A         B        C        D         E       F
            +---------+---------+-------+---------+---------+-------
      Total |   24772 |   12299 |  33.2 |     253 |      79 |  23.8
            +---------+---------+-------+---------+---------+-------
        D:1 |      70 |       0 |   0.0 |      31 |       0 |   0.0
        D:2 |      72 |      10 |  12.2 |      18 |       6 |  25.0
        D:3 |     186 |     139 |  42.8 |      27 |      10 |  27.0
        D:4 |      90 |       0 |   0.0 |       1 |       0 |   0.0
        D:6 |    2121 |      38 |   1.8 |      27 |       2 |   6.9
        D:7 |    1537 |     156 |   9.2 |      22 |       2 |   8.3
        D:8 |    2393 |     379 |  13.7 |      27 |       1 |   3.6
        D:9 |    1987 |    5801 |  74.5 |      34 |      39 |  53.4
     Lair:1 |    4681 |       0 |   0.0 |      18 |       0 |   0.0
     Lair:2 |   10943 |    3191 |  22.6 |      45 |       9 |  16.7
    Abyss:1 |     186 |       0 |   0.0 |       1 |       0 |   0.0
   Gauntlet |     506 |    2585 |  83.6 |       2 |      10 |  83.3
            +---------+---------+-------+---------+---------+-------

Illustrated notes

Table legend:
 A = Kills in this place as a percentage of kills in entire the game.
 B = Kills by you in this place as a percentage of kills by you in the entire game.
 C = Kills by friends in this place as a percentage of kills by friends in the entire game.
 D = Other kills in this place as a percentage of other kills in the entire game.
 E = Experience gained in this place as a percentage of experience gained in the entire game.
 F = Experience gained in this place divided by the number of levels of this place that you have seen.
                   A       B       C       D       E      F
               +-------+-------+-------+-------+-------+----------------------
         Total | 100.0 | 100.0 | 100.0 | 100.0 | 100.0 | 2851.6
       Dungeon |  74.4 |  74.2 | 100.0 |  50.0 |  40.4 | 1872.4
          Lair |  21.7 |  21.8 |   0.0 |  50.0 |  50.8 | 6271.7
         Abyss |   0.3 |   0.3 |   0.0 |   0.0 |   0.5 | 186.0
      Gauntlet |   3.6 |   3.7 |   0.0 |   0.0 |   8.3 | 3091.0
               +-------+-------+-------+-------+-------+----------------------

Table legend: (Time is in decaauts)
 A = Elapsed time spent in this place.
 B = Non-inter-level travel time spent in this place.
 C = Inter-level travel time spent in this place.
 D = Time resting spent in this place.
 E = Time spent auto-exploring this place.
 F = Levels seen in this place.
 G = Mean time per level.
                   A        B        C        D        E       F      G
               +--------+--------+--------+--------+--------+-----+--------+
         Total |   9913 |   9621 |    292 |      8 |   6995 |  13 |  762.5 |
       Dungeon |   6601 |   6364 |    237 |      6 |   4704 |   8 |  825.1 |
          Lair |   2356 |   2301 |     55 |      2 |   1680 |   3 |  785.3 |
         Abyss |    343 |    343 |      0 |      0 |    308 |   1 |  343.0 |
      Gauntlet |    611 |    611 |      0 |      0 |    303 |   1 |  611.0 |
               +--------+--------+--------+--------+--------+-----+--------+

Top non-repeatable levels by time:
     D:9: 1505 daAuts
  Lair:2: 1344 daAuts
     D:7: 1045 daAuts
  Lair:1: 1004 daAuts
     D:1: 923 daAuts
     D:6: 888 daAuts
     D:8: 833 daAuts
     D:2: 709 daAuts
Gauntlet: 611 daAuts
     D:3: 611 daAuts
 Abyss:1: 343 daAuts
     D:4: 83 daAuts
  Lair:3: 7 daAuts
